Map: Pylon LE

Players

Ottoman

  • Race: Zerg Zerg
  • League: Diamond
  • Spawn Location: 11:00

KimChiStew - Winner!

  • Race: Terran Terran
  • League: Master
  • Spawn Location: 5:00

VOD

Have the link to the VOD?

Description

Time

  • Played on: Oct. 30, 2025, 9:52 p.m.
  • Length: 15:49
Show
View Real Time Build Order
Export as new Build Order

Ottoman Zerg 

Build Orders: Hatch First, Lurkers, Roach Nydus 

Get SALT Encoding   

  12  0:01  Drone  
  13  0:12  Overlord  
  13  0:17  Drone  
  14  0:30  Drone  
  14  0:31  Drone  
  14  0:34  Drone  
  17  0:50  Hatchery  
  17  0:54  Drone  
  17  1:08  Spawning Pool  
  17  1:10  Extractor  
  15  1:13  Extractor  
  15  1:14  Drone  
  15  1:18  Drone  
  16  1:22  Drone  
  17  1:37  Drone  
  17  1:39  Drone  
  19  1:49  Drone  
  20  1:55  Lair  
  20  2:00  Drone  
  21  2:07  Queen  
  23  2:11  Zergling x2  
  24  2:15  Zergling x2  
  24  2:19  Drone  
  26  2:23  Drone  
  26  2:29  Overlord  
  27  2:34  Drone  
  28  2:39  Metabolic Boost  
  28  2:48  Drone  
  28  2:49  Drone x2  
  31  2:54  Drone  
  31  2:56  Drone  
  33  3:02  Spine Crawler  
  33  3:05  Drone  
  33  3:08  Drone  
  34  3:16  Roach Warren  
  34  3:18  Drone  
  34  3:20  Drone  
  35  3:30  Drone  
  36  3:35  Nydus Network  
  36  3:36  Overlord  
  35  3:43  Hydralisk Den  
  35  3:44  Overlord  
  35  3:47  Overlord  
  34  3:56  Roach x2  
  34  3:57  Roach  
  40  4:03  Spore Crawler  
  40  4:04  Drone  
  40  4:06  Roach  
  40  4:08  Zergling x2  
  43  4:14  Hydralisk  
  45  4:18  Nydus Canal  
  45  4:20  Hydralisk  
  47  4:25  Zergling x2  
  47  4:27  Roach  
  47  4:31  Glial Reconstitution  
  42  4:53  Roach  
  42  4:54  Roach  
  40  5:03  Hydralisk  
  40  5:04  Hydralisk x3  
  42  5:08  Roach  
  42  5:09  Roach  
  42  5:12  Queen  
  42  5:13  Zergling x2  
  42  5:14  Zergling x2  
  50  5:23  Nydus Canal  
  50  5:26  Queen  
  52  5:30  Overseer  
  52  5:32  Zergling x4  
  52  5:33  Zergling x2  
  41  6:03  Hydralisk x3  
  44  6:09  Hydralisk  
  44  6:12  Zergling x4  
  44  6:25  Hydralisk x2  
  46  6:31  Zergling x2  
  46  6:32  Queen x2  
  51  6:33  Drone  
  51  6:37  Extractor  
  51  6:47  Nydus Canal  
  51  6:59  Roach x2  
  51  7:00  Roach x2  
  59  7:06  Hydralisk  
  58  7:16  Roach  
  56  7:30  Drone x2  
  56  7:31  Drone x4  
  58  7:41  Extractor  
  57  7:46  Drone x3  
  57  7:51  Spore Crawler  
  59  7:52  Hatchery  
  59  7:54  Spore Crawler  
  57  8:01  Spore Crawler  
  56  8:10  Spire  
  55  8:19  Burrow, Drone  
  56  8:20  Drone x4  
  60  8:40  Muscular Augments  
  60  8:46  Lurker Den  
  59  8:49  Drone  
  59  8:51  Overlord x3  
  60  9:01  Queen, Evolution Chamber  
  60  9:02  Evolution Chamber  
  60  9:05  Infestation Pit  
  60  9:08  Drone  
  60  9:19  Drone x3  
  60  9:20  Drone x6  
  60  9:23  Drone x2  
  60  9:24  Drone  
  72  9:25  Queen  
  72  9:29  Pneumatized Carapace  
  74  9:37  Queen  
  76  9:39  Spore Crawler  
  76  9:40  Spore Crawler  
  74  9:57  Corruptor x4  
  82  10:04  Spine Crawler  
  81  10:07  Drone x3, Spine Crawler  
  81  10:12  Lurker x3  
  86  10:22  Overlord  
  86  10:23  Overlord x2  
  86  10:37  Overlord x3  
  86  10:43  Extractor  
  86  10:45  Drone x3, Extractor  
  86  10:46  Drone x2  
  86  10:47  Drone  
  86  10:49  Overlord x2  
  90  11:05  Lurker x3  
  90  11:08  Corruptor  
  95  11:12  Hatchery  
  95  11:13  Overseer  
  95  11:17  Extractor  
  72  11:37  Roach  
  72  11:38  Roach x5  
  79  11:41  Roach x2  
  79  11:42  Roach x4  
  79  11:46  Hydralisk x2  
  95  11:52  Overseer x2  
  95  12:01  Lurker  
  96  12:06  Hydralisk x4  
  107  12:16  Drone x3  
  107  12:17  Drone x3  
  107  12:19  Drone  
  107  12:20  Drone  
  107  12:22  Drone  
  116  12:28  Hive  
  116  12:32  Lurker x2  
  116  12:33  Lurker  
  116  12:34  Lurker  
  120  12:50  Grooved Spines  
  120  12:52  Zerg Ground Armor Level 1, Zerg Missile Weapons Level 1  
  120  13:04  Evolution Chamber  
  119  13:09  Drone x4  
  119  13:10  Drone x2  
  125  13:15  Spine Crawler  
  125  13:19  Spine Crawler  
  123  13:24  Spore Crawler  
  123  13:25  Spine Crawler  
  121  13:27  Spore Crawler  
  121  13:31  Drone  
  121  13:32  Drone x4  
  121  13:33  Drone x2  
  121  13:34  Drone  
  128  13:38  Drone x4, Extractor  
  128  13:40  Drone x2  
  128  13:41  Drone  
  134  13:52  Greater Spire  
  134  13:54  Zerg Melee Weapons Level 1  
  134  13:55  Adrenal Glands  
  134  13:57  Seismic Spines  
  134  14:24  Hatchery  
  130  14:26  Extractor  
  130  14:27  Extractor  
  128  14:33  Drone x3  
  128  14:37  Lurker x2  
  133  14:44  Ultralisk Cavern  
  133  14:45  Corruptor x2  
  134  14:47  Overlord  
  134  14:48  Overlord x2  
  136  14:56  Overlord x8  
  136  14:57  Overlord  
  97  15:17  Roach x4  
  97  15:18  Roach x6  
  97  15:19  Roach x2  
  93  15:27  Roach x3  
  93  15:28  Roach x6  
Show
View Real Time Build Order
Export as new Build Order

KimChiStew Terran - Winner!

Build Orders: Reaper Expand, Hellion Banshee 

Get SALT Encoding   

  12  0:00  SCV  
  13  0:14  SCV  
  13  0:17  Supply Depot  
  14  0:27  SCV  
  15  0:39  SCV  
  15  0:41  Barracks  
  16  0:46  Refinery  
  16  0:51  SCV  
  17  1:03  SCV  
  18  1:15  SCV  
  19  1:28  Orbital Command  
  19  1:30  Reaper  
  20  1:41  Command Center  
  20  1:54  Supply Depot  
  20  1:56  SCV  
  21  2:02  Marine  
  21  2:08  SCV  
  23  2:14  Factory  
  23  2:18  Refinery  
  23  2:20  SCV  
  24  2:25  Barracks Reactor  
  24  2:34  Bunker  
  24  2:38  SCV  
  25  2:50  SCV  
  26  2:56  Orbital Command  
  26  2:58  Starport  
  26  3:03  SCV  
  27  3:15  SCV  
  27  3:18  Marine  
  29  3:23  SCV  
  29  3:26  Hellion x2  
  34  3:27  SCV  
  35  3:35  SCV  
  35  3:37  Supply Depot  
  35  3:38  Starport Tech Lab  
  36  3:45  Barracks Tech Lab  
  36  3:47  SCV, Hellion x2  
  41  3:49  Supply Depot  
  41  3:50  SCV  
  42  3:58  Banshee  
  42  3:59  SCV, Cloaking Field  
  42  4:02  SCV  
  47  4:11  SCV  
  47  4:14  Hellion x2  
  52  4:22  Command Center  
  52  4:23  SCV  
  52  4:24  SCV  
  54  4:27  Marine  
  55  4:35  SCV  
  55  4:36  SCV  
  56  4:48  SCV  
  46  5:05  SCV  
  47  5:07  SCV  
  47  5:11  Supply Depot  
  47  5:14  Supply Depot  
  47  5:17  Stimpack, SCV  
  47  5:18  Marine  
  47  5:19  SCV, Hellion x2  
  47  5:20  Banshee  
  57  5:29  SCV, Supply Depot  
  57  5:30  Engineering Bay  
  57  5:31  SCV  
  59  5:36  Refinery  
  53  5:43  SCV  
  30  5:58  Marine, Hellion x2  
  32  6:05  SCV  
  30  6:14  Banshee  
  30  6:17  SCV x2  
  34  6:20  Hellion x2  
  38  6:29  SCV  
  39  6:35  Terran Infantry Weapons Level 1  
  39  6:37  Barracks  
  39  6:41  SCV  
  39  6:44  Orbital Command  
  40  6:54  SCV  
  41  7:06  SCV  
  42  7:14  SCV  
  43  7:20  Refinery  
  43  7:26  SCV  
  43  7:27  Marine  
  39  7:33  SCV  
  40  7:38  SCV  
  40  7:39  Missile Turret  
  40  7:42  Missile Turret  
  41  7:44  Missile Turret  
  41  7:45  Marine  
  41  7:46  SCV x2  
  41  7:50  SCV  
  45  7:54  Banshee  
  45  7:58  SCV x2  
  49  7:59  Factory Tech Lab  
  49  8:02  SCV  
  49  8:03  Marine  
  49  8:04  Missile Turret  
  52  8:07  Missile Turret  
  52  8:10  SCV  
  52  8:11  SCV  
  54  8:14  SCV  
  54  8:16  Marine x2  
  57  8:21  Marine  
  57  8:22  SCV  
  57  8:25  Barracks x2  
  57  8:26  Armory  
  59  8:29  Terran Infantry Armor Level 1, SCV  
  59  8:34  Sensor Tower, SCV, Marine x2  
  62  8:35  SCV  
  62  8:39  Marine  
  62  8:40  Combat Shield  
  62  8:41  SCV  
  66  8:46  SCV  
  66  8:47  SCV  
  68  8:50  Siege Tank  
  68  8:53  Missile Turret, SCV  
  72  8:57  Missile Turret, Starport Reactor  
  72  8:58  SCV  
  72  8:59  Missile Turret, SCV  
  74  9:05  SCV  
  75  9:10  SCV  
  75  9:13  Factory  
  76  9:17  SCV  
  76  9:19  Missile Turret  
  76  9:22  SCV  
  78  9:29  SCV  
  79  9:33  Barracks Reactor x2  
  79  9:34  SCV  
  79  9:36  Missile Turret, Viking x2  
  84  9:40  Terran Vehicle And Ship Armor Level 1, Supply Depot  
  84  9:43  Engineering Bay  
  84  9:47  SCV  
  84  9:48  Command Center  
  84  9:50  Marine x3  
  88  9:59  SCV  
  89  10:00  Supply Depot  
  89  10:02  Supply Depot  
  89  10:07  Marine x2  
  89  10:08  Marine, Hellion x2  
  96  10:24  Marine  
  96  10:25  Marine x6  
  103  10:29  Hellion x2  
  107  10:46  Terran Infantry Armor Level 2, Terran Infantry Weapons Level 2, Supply Depot  
  107  10:47  Supply Depot  
  107  10:49  Sensor Tower, Marine x7  
  114  10:50  Thor  
  114  10:51  Siege Tank  
  123  10:59  Supply Depot  
  123  11:03  Supply Depot  
  123  11:06  Marine  
  123  11:07  Marine x2  
  123  11:10  Marine x3  
  123  11:11  Marine  
  130  11:23  Siege Tank  
  125  11:33  Siege Tank  
  128  11:41  Planetary Fortress  
  128  11:44  Missile Turret  
  128  11:45  Missile Turret  
  128  11:46  Missile Turret  
  128  11:47  SCV x3  
  128  11:50  Marine  
  128  11:51  Marine x2  
  128  11:52  Marine x4  
  138  11:59  SCV x3, Hellion  
  138  12:00  Liberator  
  146  12:05  Refinery, Hellion  
  148  12:08  Marine x3  
  148  12:09  Refinery  
  148  12:10  Marine x4  
  148  12:12  Medivac  
  157  12:23  Supply Depot  
  157  12:25  SCV  
  157  12:26  Marine  
  157  12:27  Supply Depot x2  
  157  12:29  Supply Depot  
  159  12:31  Orbital Command  
  159  12:35  Marine x5  
  164  12:38  Terran Vehicle And Ship Armor Level 2  
  164  12:42  Barracks  
  164  12:46  Medivac x2, Barracks  
  168  12:55  Barracks  
  168  12:58  SCV  
  169  13:08  Missile Turret  
  169  13:09  Sensor Tower  
  169  13:10  SCV, Missile Turret  
  170  13:13  Sensor Tower  
  170  13:16  Medivac  
  170  13:17  Refinery, Marine x2  
  170  13:18  Refinery, Marine x4  
  178  13:23  SCV  
  179  13:28  Medivac  
  181  13:35  SCV  
  182  13:46  Medivac  
  182  13:47  Marine x7  
  191  13:56  Marine x3  
  191  14:00  Thor  
  200  14:07  Missile Turret  
  200  14:10  Supply Depot  
  200  14:12  Supply Depot  
  200  14:14  Smart Servos  
  200  14:16  Infernal Pre-Igniter  
  200  14:33  Supply Depot  
  200  14:34  Command Center  
  200  14:41  Barracks Tech Lab x2  
  200  14:42  Barracks Tech Lab  
  140  15:29  Marine x10  
Tags
 
Add a new tag
Caveats
  • Supply blocks, unpowered buildings, or Contaminate may cause inaccurate times.
  • Supply counts are checked every 10 seconds.